 Dungeon Crawl Stone Soup version 0.31.0-11-ge490571c62 (webtiles) character file.

Game seed: 11999387947530802297

936 gelatine the Trooper (level 7, 0/56 HPs)
             Began as a Demonspawn Monk on Jan 29, 2024.
             Was a Priest of Fedhas.
             Slain by an iguana (11 damage)
             ... on level 6 of the Dungeon.
             The game lasted 00:15:57 (4607 turns).

gelatine the Trooper (Demonspawn Monk)              Turns: 4607, Time: 00:15:58

Health: 0/56       AC:  6    Str: 12    XL:     7   Next: 87%
Magic:  10/10      EV: 13    Int: 10    God:    Fedhas [***...]
Gold:   242        SH:  4    Dex: 17    Spells: 6/6 levels left

rFire   . . .        t - +0 sling
rCold   . . .        d - orb {light}
rNeg    + . .        b - +0 robe
rPois   +            C - +1 hat {Stlth+}
rElec   .            (no cloak)
rCorr   .            (no gloves)
SInv    .            p - +0 pair of boots
Will    .....        (no amulet)
Stlth   +            i - ring of positive energy
HPRegen 0.29/turn    B - ring of poison resistance
MPRegen 0.12/turn

%: no passive effects
@: glowing
A: hooves 1, yellow scales 1, powered by pain 2, condensation shield
a: Renounce Religion, Wall of Briars, Grow Ballistomycete


You were on level 6 of the Dungeon.
You worshipped Fedhas.
Fedhas was most pleased with you.
You visited 1 branch of the dungeon, and saw 6 of its levels.
You also visited: Sewer.

You collected 242 gold pieces.

Inventory:

Hand Weapons
 a - a +0 hand axe
 l - a +1 dagger of speed
 m - a +0 trident
 n - a +0 dagger of electrocution
 t - a +0 sling (weapon)
Missiles
 y - 2 boomerangs
Armour
 b - a +0 robe (worn)
 d - an orb of light (worn)
 p - a +0 pair of boots (worn)
 C - a +1 hat of stealth (worn)
Jewellery
 i - a ring of positive energy (left hand)
 B - a ring of poison resistance (right hand)
Wands
 r - a wand of polymorph (14)
 D - a wand of flame (5)
Scrolls
 e - 3 scrolls of blinking
 h - a scroll of vulnerability
 s - a scroll of fog
 u - 2 scrolls of teleportation
 w - a scroll of revelation {unknown}
 x - a scroll of summoning {unknown}
 A - a scroll of immolation {unknown}
Potions
 c - a potion of mutation {unknown}
 g - a potion of berserk rage {unknown}
 j - a potion of degeneration {unknown}
 k - 2 potions of haste {unknown}
 o - 2 potions of enlightenment {unknown}
 q - 2 potions of heal wounds {unknown}
 v - 3 potions of might {unknown}


   Skills:
 + Level 5.5 Fighting
 + Level 3.7(4.0) Axes
 + Level 1.9(3.1) Polearms
 + Level 4.1 Ranged Weapons
 + Level 3.7 Dodging
 + Level 0.3 Stealth
 * Level 4.6 Invocations


You had 6 spell levels left.
You didn't know any spells.
Your spell library contained the following spells:

 Spells                   Type           Power      Damage    Failure   Level
 Mercury Vapours          Alch/Air       0%         N/A       50%         2
 Mephitic Cloud           Conj/Alch/Air  0%         N/A       75%         3
 Freezing Cloud           Conj/Ice/Air   0%         6-21      100%        5


Dungeon Overview and Level Annotations

Branches:
Dungeon (6/15)              Sewer (visited)
 Temple: D:4-7

Altars:
Cheibriados
Fedhas
Makhleb

Shops:
D:3 :

Annotations:
D:3 2 transporters


Innate Abilities, Weirdness & Mutations

You have large cloven feet.
You are partially covered in yellow scales. (AC +2)
You sometimes gain power by taking damage.
A meltable shield of frost defends you. (SH +4)


Message History

There is a stone staircase leading up here.
You feel better. The iguana bites you!
* * * LOW HITPOINT WARNING * * *
You are confused.
You feel invigorated. The iguana barely misses you.
You closely miss the iguana.
The iguana is almost dead.
The iguana barely misses you. The iguana attacks as it pursues you!
The iguana closely misses you. The iguana bites you.
* * * LOW HITPOINT WARNING * * *
You clumsily bash the iguana but do no damage.
The iguana is almost dead.
The iguana barely misses you.
You clumsily bash the iguana but do no damage.
The iguana is almost dead.
You feel less invigorated.
You feel less confused. The iguana closely misses you. The iguana misses you.
You shoot a sling bullet.
The sling bullet hits the iguana but does no damage.
The iguana is almost dead.
The iguana bites you!
You shoot a sling bullet.
The sling bullet hits the iguana but does no damage.
The iguana is severely wounded.
The iguana closely misses you.
You shoot a sling bullet. The sling bullet hits the iguana.
The iguana is almost dead.
The iguana barely misses you. The iguana bites you!
* * * LOW HITPOINT WARNING * * *
You shoot a sling bullet.
The sling bullet barely misses the iguana.
The iguana bites you.
* * * LOW HITPOINT WARNING * * *
You shoot a sling bullet.
The sling bullet barely misses the iguana.
The iguana bites you!
You die...
Fedhas appreciates your contribution to the ecosystem.

### ... ###
#.###### ...#
#.##...
###.#.##.##.#####.#
...................
#...##.##...#
#....@l.....#
###....<....#
#.#......##
#.######..### #
####.....####
#............
#....#..8..#...
##...##...## .. #..
##### #


You could see an iguana.

Vanquished Creatures
  Sigmund (D:2)
  A brain worm (Sewer)
  A jelly (D:6)
  A hound (D:4)
  Natasha (thrice) (D:2)
  An orc wizard (D:4)
  3 river rats
  7 adders
  A gnoll (D:5)
  4 dart slugs
  A ribbon worm (D:2)
  2 orcs (D:4)
  6 endoplasms
  4 giant cockroaches
  6 goblins
  2 hobgoblins
  2 kobolds
  4 quokkas
  7 ball pythons
  2 bats (D:1)
  7 frilled lizards
  9 rats
75 creatures vanquished.

Vanquished Creatures (collateral kills)
  An ice beast (D:3)
  An ogre (D:5)
  A brain worm (Sewer)
  Jessica (D:2)
  2 orc wizards (D:5)
  2 gnolls (D:5)
  2 adders (Sewer)
  A river rat (Sewer)
  A shadow imp (D:5)
  A ribbon worm (D:3)
  6 orcs
  An endoplasm (D:2)
  A hobgoblin (D:4)
  2 jackals (D:3)
  2 ball pythons
  A kobold (D:2)
  A ballistomycete spore (D:5)
27 creatures vanquished.

Grand Total: 102 creatures vanquished

Notes
Turn   | Place    | Note
-------+----------+-------------------------------------------
     0 | D:1      | gelatine the Demonspawn Monk began the quest for the Orb.
     0 | D:1      | Reached XP level 1. HP: 18/18 MP: 1/1
   113 | D:1      | Gained mutation: A meltable shield of frost defends you.
                  | (SH +4) [demonic ancestry]
   113 | D:1      | Reached XP level 2. HP: 11/24 MP: 2/2
   224 | D:1      | Found a faded altar of an unknown god.
   242 | D:1      | Prayed at the altar of an unknown god.
   242 | D:1      | Became a worshipper of Fedhas Madash
   242 | D:1      | Reached * piety under Fedhas
   242 | D:1      | Reached ** piety under Fedhas
   365 | D:1      | Reached *** piety under Fedhas
   786 | D:1      | Reached XP level 3. HP: 29/29 MP: 3/3
  1204 | D:2      | Noticed Natasha
  1206 | D:2      | Noticed Jessica
  1210 | D:2      | Killed Natasha
  1211 | D:2      | Reached skill level 1 in Invocations
  1215 | D:2      | Killed Jessica
  1216 | D:2      | Reached skill level 4 in Fighting
  1216 | D:2      | Gained mutation: You sometimes gain a little power by
                  | taking damage. [demonic ancestry]
  1216 | D:2      | Reached XP level 4. HP: 37/37 MP: 1/4
  1319 | D:2      | Noticed Natasha
  1330 | D:2      | Killed Natasha
  1454 | D:2      | Noticed Sigmund
  1480 | D:2      | Killed Sigmund
  1481 | D:2      | Reached skill level 1 in Polearms
  1481 | D:2      | Gained mutation: You have large cloven feet. [demonic
                  | ancestry]
  1481 | D:2      | Reached XP level 5. HP: 17/43 MP: 4/7
  1481 | D:2      | Gained mutation: You sometimes gain power by taking damage.
                  | [demonic ancestry]
  1481 | D:2      | Reached XP level 6. HP: 20/50 MP: 4/8
  1534 | D:2      | Noticed Natasha
  1541 | D:2      | Killed Natasha
  2131 | D:3      | HP: 2/50 [river rat (8)]
  2265 | D:3      | Found a transporter.
  2295 | D:3      | Found a glowing drain.
  2300 | Sewer    | Entered a sewer
  2368 | Sewer    | Reached skill level 1 in Ranged Weapons
  2732 | Sewer    | Reached skill level 5 in Fighting
  2732 | Sewer    | Gained mutation: You are partially covered in yellow
                  | scales. (AC +2) [demonic ancestry]
  2732 | Sewer    | Reached XP level 7. HP: 51/56 MP: 7/9
  2904 | D:3      | Found a transporter.
  3077 | D:3      | Found Wedayt's Book Shoppe.
  3684 | D:4      | Found a snail-covered altar of Cheibriados.
  4427 | D:5      | Entered Level 5 of the Dungeon
  4427 | D:5      | Found a burning altar of Makhleb.
  4594 | D:6      | HP: 2/56 [poisoned by a gnoll]
  4607 | D:6      | Slain by an iguana

Illustrated notes

Levels and vault maps discovered:
D:1:      wander_arrival_desolate, layout_basic,
          hellmonk_ecumenical_altar_inner_sanctum
D:2:      layout_basic, uniq_sigmund, uniq_natasha, uniq_jessica
D:3:      gammafunk_wand_slinger, layout_loops_corners, serial_shops, shop,
          mainiacjoe_sewer_entry_somewhere_in_here_2, hex_tiny, minivault_25
D:4:      layout_loops_ring, kennysheep_slug_shrine, lemuel_round_altar
D:5:      layout_cave_pools, bloody_makhleb,
          mainiacjoe_ossuary_entry_find_the_door, serial_gnoll_camp,
          gnoll_camp_mini_sergeant, gnoll_camp_mini_loothouse,
          gnoll_camp_mini_house, gnoll_camp_mini_basic,
          chequers_serial_rivers_small_3
D:6:      layout_basic, lemuel_doored_altar, mainiacjoe_overflow_alcove_1,
          nicolae_overflow_hidden_temple, vehumet_altar_wand_db,
          mrwooster_statue_mirror, minmay_fire_ice_demons, uniq_menkaure,
          uniq_blork_the_orc

Skill      XL: |  1  2  3  4  5  6  7 |
---------------+----------------------+-----
Axes           | 3 |  3.7
Dodging        | 3 |  3.7
Invocations    | 1 2 3 4 |  4.6
Fighting       | 4 5 |  5.5
Polearms       | 1 |  1.9
Ranged Weapons | 2 4 |  4.1
Stealth        | |  0.3

Action                     |  1- 3 |  4- 6 |  7- 9 || total
---------------------------+-------+-------+-------++-------
  Melee: Hand axe          |    52 |       |       ||    52
         Trident           |    13 |    55 |       ||    68
         Sling             |       |     1 |     3 ||     4
   Fire: Sling             |       |   109 |    87 ||   196
  Throw: Stone             |     2 |       |       ||     2
 Invoke: Wall of Briars    |     2 |     8 |     7 ||    17
         Grow Ballistomyce |       |       |     1 ||     1
    Use: Scroll            |       |     5 |     3 ||     8
         Potion            |       |     1 |     3 ||     4
 Armour: Robe              |    32 |    56 |    50 ||   138
  Dodge: Dodged            |    42 |    88 |    42 ||   172
